 Dungeon Crawl Stone Soup version 0.28-a0-476-g0f06bd746f (webtiles) character file.

Game seed: 2952989234161409317

116 bande the Covered (level 5, -9/33 HPs)
             Began as a Gargoyle Fighter on Sept 16, 2021.
             Collided with a stone wall (15 damage)
             ... caused by a wretched star
             ... on level 1 of the Abyss.
             The game lasted 00:02:54 (1479 turns).

bande the Covered (Gargoyle Fighter)                Turns: 1479, Time: 00:02:55

Health: -9/33      AC: 15    Str: 18 (19) XL:     5   Next: 1%
Magic:  4/4        EV:  5    Int:  9      God:
Gold:   109        SH:  4    Dex: 10      Spells: 4/4 levels left

rFire   . . .      SeeInvis .   a - +0 war axe
rCold   . . .      Faith    .   c - +0 buckler
rNeg    + . .      Spirit   .   e - +0 plate armour
rPois   ∞          Reflect  .   (no helmet)
rElec   +          Harm     .   (no cloak)
rCorr   .          Rampage  .   (no gloves)
Will    .....                   (no boots)
Stlth   ..........              (no amulet)
HPRegen 0.11/turn               (no ring)
MPRegen 0.09/turn               (no ring)

@: no status effects
A: sickness immunity, AC +4, negative energy resistance 1, electricity
resistance, torment resistance 1, petrification resistance, [deterioration 2],
[low mp 2]
a: no special abilities


You were on level 1 of the Abyss.
You visited 1 branch of the dungeon, and saw 2 of its levels.
You visited the Abyss 1 time.

You collected 109 gold pieces.

Inventory:

Hand Weapons
 a - a +0 war axe (weapon)
Armour
 c - a +0 buckler (worn)
 e - a +0 plate armour (worn)
Scrolls
 b - 2 scrolls of identify
Potions
 d - a potion of might
 f - a potion of curing
 h - 2 potions of brilliance


   Skills:
 + Level 3.9 Fighting
 + Level 3.2 Axes
 + Level 4.1 Armour
 + Level 3.8 Shields


You had 4 spell levels left.
You didn't know any spells.
Your spell library contained the following spells:

 Spells                   Type           Power      Damage    Failure   Level
 Magic Dart               Conj           0%         1d3       100%        1
 Call Imp                 Summ           0%         N/A       100%        2
 Passwall                 Tmut/Erth      0%         N/A       100%        2
 Mephitic Cloud           Conj/Pois/Air  0%         N/A       100%        3
 Swiftness                Air            0%         N/A       100%        3
 Invisibility             Hex            0%         N/A       100%        6


Dungeon Overview and Level Annotations

Branches:
Dungeon (2/15)

Altars:


Innate Abilities, Weirdness & Mutations

You are immune to sickness and miasma.
Your stone body is resilient. (AC +4)
You are immune to poison.
You resist negative energy. (rN+)
You are resistant to electric shocks. (rElec)
You are resistant to unholy torment.
You are immune to petrification.
[Your body often deteriorates upon taking damage.]
[Your magical capacity is very low. (-20% MP)]


Message History

No target in view!
No target in view!
No target in view!
You now have 94 gold pieces (gained 10).
You now have 109 gold pieces (gained 15).
You see here a +0 chain mail.
A goblin comes into view.
It is wielding a +1 dagger of distortion.
The goblin shouts!
The goblin completely misses you.
Your plate armour prevents you from hitting the goblin.
The goblin hits you with a +1 dagger of distortion.
Space bends around you.
A ball python comes into view.
You barely miss the goblin.
The ball python hisses angrily.
The goblin hits you but does no damage. Space bends around you.
You block the goblin's attack.
You closely miss the goblin.
The goblin hits you with a +1 dagger of distortion.
You are cast into the Abyss!
This branch contains the abyssal rune of Zot.
Found a fuming coppery potion.
No target in view!
A wretched star comes into view.
The wretched star pulses with an eldritch light!
You feel less energetic. x2
The wretched star pulses with an eldritch light!
You feel yourself wasting away.
You feel your body start to fall apart.
Your plate armour prevents you from hitting the wretched star.
The wretched star glows turbulently.
The lance of force hits you!!
Ouch! That really hurt!
Your body deteriorates!
You feel weakened.
You are knocked back by the lance of force.
The wretched star glows turbulently.
The lance of force hits you.
* * * LOW HITPOINT WARNING * * *
You are knocked back by the lance of force.
You slam into the stone wall!
You die...

## #### #..#
.####.# ###...#
....!.###@.#
#...#...#..#
#..........#
#....#..##.#
#.*...#..# #
#......##.#
#......#.###...#
...........# ..
. #..........##
.# .


You could see a wretched star.

Vanquished Creatures
  A phantom (D:2)
  A gnoll (D:1)
  A dart slug (D:1)
  2 ball pythons
  4 endoplasms
  4 giant cockroaches
  3 goblins
  A hobgoblin (D:2)
  6 bats
  3 frilled lizards (D:1)
  3 kobolds (D:1)
  2 rats (D:1)
31 creatures vanquished.

Notes
Turn   | Place    | Note
-------+----------+-------------------------------------------
     0 | D:1      | bande the Gargoyle Fighter began the quest for the Orb.
     0 | D:1      | Reached XP level 1. HP: 14/14 MP: 1/1
   194 | D:1      | Found a faded altar of an unknown god.
   280 | D:1      | Reached XP level 2. HP: 19/19 MP: 2/2
   461 | D:1      | Reached XP level 3. HP: 24/24 MP: 3/3
  1053 | D:2      | Noticed a phantom
  1060 | D:2      | Killed a phantom
  1061 | D:2      | Reached skill level 4 in Armour
  1061 | D:2      | Reached XP level 4. HP: 8/29 MP: 4/4
  1334 | D:2      | Reached XP level 5. HP: 29/33 MP: 5/5
  1396 | D:2      | Cast into level 1 of the Abyss (goblin)
  1473 | Abyss:1  | Noticed a wretched star
  1479 | Abyss:1  | Collided with a stone wall

Illustrated notes

Levels and vault maps discovered:
D:1:      dpeg_arrival_arbitrary_b, layout_basic, ebering_ecumenical_altar_hall,
          minmay_octomino_j4
D:2:      layout_rooms
Abyss:1:  base:
D:1

Skill      XL: |  1  2  3 |
---------------+----------+-----
Axes           | 2 3 |  3.2
Armour         | 4 |  4.1
Fighting       | |  3.9
Shields        | |  3.8

Action                   |  1- 3 |  4- 6 || total
-------------------------+-------+-------++-------
Melee: War axe           |    62 |     6 ||    68
  Use: Scroll            |     3 |       ||     3
Armor: Plate armour      |    44 |     2 ||    46
       Scale mail        |     1 |       ||     1
Dodge: Dodged            |    16 |     1 ||    17
Block: Buckler           |    10 |     1 ||    11

Table legend: (Time is in decaauts)
 A = Elapsed time spent in this place.
 B = Non-inter-level travel time spent in this place.
 C = Inter-level travel time spent in this place.
 D = Time resting spent in this place.
 E = Time spent auto-exploring this place.
 F = Levels seen in this place.
 G = Mean time per level.
                   A        B        C        D        E       F      G
               +--------+--------+--------+--------+--------+-----+--------+
         Total |   1506 |   1506 |      0 |    227 |   1031 |   3 |  502.0 |
       Dungeon |   1423 |   1423 |      0 |    227 |    955 |   2 |  711.5 |
         Abyss |     83 |     83 |      0 |      0 |     76 |   1 |   83.0 |
               +--------+--------+--------+--------+--------+-----+--------+

Top non-repeatable levels by time:
     D:1: 972 daAuts
     D:2: 450 daAuts
 Abyss:1: 83 daAuts
